 Dungeon Crawl Stone Soup version 0.17-a0-1713-gdf939a4 (webtiles) character file.

1052 ileska the Covered (level 8, 0/64 HPs)
             Began as a Minotaur Fighter on Aug 23, 2015.
             Was a Follower of Ashenzari.
             Slain by a troll (7 damage)
             ... on level 5 of the Dungeon.
             The game lasted 00:22:35 (4453 turns).

ileska the Covered (Minotaur Fighter)               Turns: 4453, Time: 00:22:35

Health: 0/64       AC:  6    Str: 23    XL:     8   Next: 5%
Magic:  7/7        EV: 10    Int:  5    God:    Ashenzari [*.....]
Gold:   146        SH: 10    Dex: 10    Spells: 0 memorised, 7 levels left

rFire  . . .     SeeInvis .     y - +2 hand axe (chop)
rCold  . . .     Clarity  .     t - +0 ring mail (curse)
rNeg   . . .     SustAt   .     c - +0 shield
rPois  +         Gourm    .     (helmet restricted)
rElec  .         Spirit   .     (no cloak)
rCorr  .         Warding  .     (no gloves)
rMut   .         Stasis   .     (no boots)
MR     .....                    (no amulet)
Stlth  ..........               x - +3 ring of slaying
                                j - ring of poison resistance

@: not resistant to hostile enchantments, extremely unstealthy
A: retaliatory headbutt, horns 2
a: Scrying, Renounce Religion


You were on level 5 of the Dungeon.
You worshipped Ashenzari.
Ashenzari was aware of your devotion.
You were not hungry.

You visited 1 branch of the dungeon, and saw 5 of its levels.

You collected 146 gold pieces.

Inventory:

Hand weapons
 a - a +1 war axe
 y - a +2 hand axe of chopping (weapon)
Armour
 c - a +0 shield (worn)
 s - a +0 chain mail
 t - a cursed +0 ring mail (worn)
Jewellery
 b - an uncursed amulet of resist corrosion
 j - a ring of poison resistance (left hand)
 x - a +3 ring of slaying (right hand)
Magical devices
 p - a wand of paralysis (16)
 u - a wand of slowing (31)
Scrolls
 i - a scroll of identify
 n - 3 scrolls of curse armour
Potions
 d - a potion of might
 h - 4 potions of lignification
 l - a potion of brilliance {unknown}
 m - 2 potions of ambrosia {unknown}
 q - a potion of agility {unknown}
 r - a potion of heal wounds {unknown}
Books
 v - a book of Changes

   Spells                             Type                      Level
   a - Beastly Appendage              Transmutation                1
   b - Sticks to Snakes               Transmutation                2
   c - Spider Form                    Transmutation/Poison         3
   d - Ice Form                       Ice/Transmutation            4
   e - Blade Hands                    Transmutation                5
 w - a book of the Dragon

   Spells                             Type                      Level
   a - Flame Tongue                   Conjuration/Fire             1
   b - Cause Fear                     Hexes                        4
   c - Bolt of Fire                   Conjuration/Fire             6
   d - Dragon Form                    Transmutation                7
   e - Dragon's Call                  Summoning                    9
Comestibles
 e - 3 bread rations
 f - 6 fruits
 g - a royal jelly
 k - 3 meat rations
 o - 2 beef jerkies
 z - 3 chunks of flesh


   Skills:
 - Level 3.6 Fighting
 - Level 6.1 Axes
 + Level 7.3 Armour
 - Level 4.0 Dodging
 * Level 6.6 Shields


You had 7 spell levels left.
You didn't know any spells.

Dungeon Overview and Level Annotations

Branches:
Dungeon (5/15)
 Temple: D:4-7

Altars:
Ashenzari
Qazlal
Sif Muna


Innate Abilities, Weirdness & Mutations

You reflexively headbutt those who attack you in melee.
You have a pair of horns on your head.


Message History

The troll bites you! You block the troll's attack.
You block the troll's attack.
You hit the troll.
The troll is heavily wounded.
The troll bites you! The troll claws you. The troll claws you.
* * * LOW HITPOINT WARNING * * *
Your ring mail prevents you from hitting the troll.
The troll is moderately wounded.
You block the troll's attack. The troll claws you but does no damage.
The troll closely misses you.
You hit the troll but do no damage. You headbutt the troll!
The troll is severely wounded.
The troll bites you!
* * * LOW HITPOINT WARNING * * *
The troll claws you but does no damage. You block the troll's attack.
You barely miss the troll. Your headbutt misses the troll.
The troll is severely wounded.
You block the troll's attack. x2
The troll claws you!
You die...

..# #.# ...
... . #.#
#.### #|# ...
#T# ##.###@#
#......#
###.....##
........#
........#
........# #..
........######
#..# #..
.............#
#..# #..
....##.......#
#..# #[.


You could see a troll.

Vanquished Creatures
  Pikel (D:4)
  A slave (D:4)
  An ogre (D:4)
  A scorpion (D:4)
  6 orc wizards
  2 orc priests (D:4)
  A centaur skeleton (D:4)
  A worker ant (D:4)
  An iguana (D:3)
  4 adders (D:4)
  3 oozes
  3 worms (D:3)
  13 orcs
  5 giant cockroaches
  4 goblins
  5 hobgoblins
  6 jackals
  4 kobolds
  6 quokkas
  2 ball pythons
  13 bats
  3 giant geckos
  4 giant newts
  11 rats
101 creatures vanquished.

Vanquished Creatures (others)
  3 orcs (D:4)
3 creatures vanquished.

Grand Total: 104 creatures vanquished

Notes
Turn   | Place    | Note
--------------------------------------------------------------
     0 | D:1      | ileska the Minotaur Fighter began the quest for the Orb.
     0 | D:1      | Reached XP level 1. HP: 19/19 MP: 0/0
   148 | D:1      | Reached skill level 1 in Dodging
   224 | D:1      | Reached XP level 2. HP: 24/26 MP: 1/1
   911 | D:2      | Reached XP level 3. HP: 31/31 MP: 2/2
  1187 | D:3      | Found a faded altar to an unknown god.
  1200 | D:3      | Became a worshipper of Ashenzari the Shackled
  1200 | D:3      | Acquired Ashenzari's first power
  1288 | D:3      | Reached skill level 4 in Dodging
  1290 | D:3      | Reached XP level 4. HP: 5/39 MP: 3/3
  1540 | D:3      | Found a shattered altar of Ashenzari.
  1855 | D:3      | Reached XP level 5. HP: 18/45 MP: 4/4
  2104 | D:3      | Found a deep blue altar of Sif Muna.
  2285 | D:4      | Reached skill level 5 in Axes
  2369 | D:4      | Reached skill level 6 in Axes
  2369 | D:4      | Reached XP level 6. HP: 29/51 MP: 5/5
  2942 | D:4      | Noticed an ogre
  2951 | D:4      | Killed an ogre
  3296 | D:4      | Noticed Pikel
  3296 | D:4      | Noticed a slave
  3296 | D:4      | Noticed a slave
  3297 | D:4      | Noticed a slave
  3300 | D:4      | Noticed a slave
  3534 | D:4      | Reached skill level 5 in Armour
  3534 | D:4      | Reached XP level 7. HP: 48/57 MP: 6/6
  3684 | D:4      | Killed a slave
  3695 | D:4      | Killed Pikel
  3695 | D:4      | Reached skill level 7 in Armour
  4386 | D:4      | Reached XP level 8. HP: 64/64 MP: 7/7
  4401 | D:5      | Entered Level 5 of the Dungeon
  4419 | D:5      | Found a stormy altar of Qazlal.
  4444 | D:5      | Noticed a troll
  4453 | D:5      | Slain by a troll

Vault maps used:
D:1:      evilmike_arrival_rings, hangedman_feature_mirror,
          kennysheep_decorative_pillar, fountainhead, minivault_24,
          patterned_corridor
D:2:      serial_curves, eino_curves_03, eino_curves_03, eino_curves_02
D:3:      lemuel_crystal_altar, ecumenical_altar_1, led_sif_pool
D:4:      first_bread, roderic_batcave, serial_park_tiny_pond, uniq_pikel
D:5:      nicolae_qazlal_general_emergency, minmay_temple_entry_purple_smoke,
          serial_curves, eino_curves_01, eino_curves_03

Action                   |  1- 3 |  4- 6 |  7- 9 || total
-------------------------+-------+-------+-------++-------
Melee: War axe           |    89 |   114 |    14 ||   217
       Hand axe          |       |       |    15 ||    15
  Use: Scroll            |       |     7 |       ||     7
  Eat: Chunk             |     1 |     6 |       ||     7
       Bread ration      |       |     1 |       ||     1
